 Dungeon Crawl Stone Soup version 0.20.0-15-g7f486f2 (webtiles) character file.

151 Quebeb the Sneak (level 5, 0/32 HPs)
             Began as a Kobold Assassin on June 20, 2017.
             Killed from afar by a white imp (5 damage)
             ... with a puff of frost
             ... summoned by Natasha
             ... on level 3 of the Dungeon.
             The game lasted 00:17:16 (1852 turns).

Quebeb the Sneak (Kobold Assassin)                  Turns: 1852, Time: 00:17:17

Health: 0/32       AC:  3    Str:  8    XL:     5   Next: 59%
Magic:  5/5        EV: 15    Int: 12    God:
Gold:   132        SH:  0    Dex: 18    Spells: 4/4 levels left

rFire    . . .     SeeInvis .   a - +2 dagger
rCold    . . .     Gourm    .   (shield restricted)
rNeg     . . .     Faith    .   c - +0 robe
rPois    .         Spirit   .   (no helmet)
rElec    .         Reflect  .   d - +0 cloak
rCorr    .         Harm     .   (no gloves)
MR       .....                  (no boots)
Stlth    ++++......             (no amulet)
Regen    0.1/turn               (no ring)
MPRegen  0.1/turn               (no ring)

@: slowed, very slow
A: carnivore 3
a: no special abilities


You were on level 3 of the Dungeon.
You were not hungry.

You visited 1 branch of the dungeon, and saw 3 of its levels.

You collected 132 gold pieces.

Inventory:

Hand Weapons
 a - a +2 dagger (weapon)
 b - a +0 blowgun
 t - a +4 quarterstaff of chaos
Missiles
 e - 15 poisoned needles
 f - 8 curare-tipped needles
 h - 120 stones (quivered)
Armour
 c - a +0 robe (worn)
 d - a +0 cloak (worn)
 i - a +0 robe
 u - a +0 cloak
Jewellery
 k - an uncursed amulet of harm
 l - a cursed ring of loudness
Wands
 v - a wand of confusion (18/48)
 x - a wand of iceblast (6/15)
Scrolls
 j - a scroll of blinking {unknown}
 m - 2 scrolls of amnesia {unknown}
 s - 4 scrolls of teleportation {unknown}
 w - 2 scrolls of recharging {unknown}
Potions
 n - a potion of brilliance
 o - 2 potions of magic {unknown}
 p - 2 potions of might {unknown}
 r - a potion of berserk rage {unknown}
 z - a potion of curing
Comestibles
 g - 3 meat rations
 q - a bread ration


   Skills:
 + Level 3.1 Fighting
 + Level 4.2 Short Blades
 + Level 2.6 Throwing
 + Level 1.9 Dodging
 + Level 7.1 Stealth


You had 4 spell levels left.
You didn't know any spells.

Dungeon Overview and Level Annotations

Branches:
Dungeon (3/15)

Altars:
Elyvilon
Gozag
Kikubaaqudgha
Makhleb
Nemelex Xobeh
Vehumet

Annotations:
D:3 Natasha


Innate Abilities, Weirdness & Mutations

You are small and have problems with some larger weapons.
You are carnivorous and can eat meat at any time.


Message History

Natasha claws you!
You hit Natasha.
Natasha is almost dead.
Natasha casts a spell.
You barely miss Natasha.
Natasha is almost dead.
Natasha stares at you and mumbles some strange words.
The magic dart hits you! The white imp hits you.
* * * LOW HITPOINT WARNING * * *
The white imp freezes you.
* * * LOW HITPOINT WARNING * * *
You hit Natasha but do no damage.
Natasha is almost dead.
The white imp closely misses you.
Natasha stares at you and mumbles some strange words.
You feel yourself slow down. The white imp gestures at you.
The puff of frost hits you!
You die...

##........###.###.#
#.########.#.)....#
+##########'.###..#
.# ######..#
.####........
..........###
##....# #.#
#.5#######.#
#.#h.@....#.# #
#.########.# # #.
#.# # . #.# # ##
#.# # ####.# # .#
#.(..# # #.# #.####
###### #.# #.#


You could see Natasha and a white imp.

Vanquished Creatures
  Crazy Yiuf (D:2)
  Natasha (twice) (D:3)
  An adder (D:2)
  2 worms
  A dart slug (D:1)
  A leopard gecko (D:2)
  5 orcs (D:3)
  A giant cockroach (D:2)
  5 goblins
  9 hobgoblins
  3 jackals (D:3)
  5 kobolds
  A quokka (D:2)
  5 bats
  3 frilled lizards (D:1)
  4 rats
49 creatures vanquished.

Notes
Turn   | Place    | Note
-------+----------+-------------------------------------------
     0 | D:1      | Quebeb the Kobold Assassin began the quest for the Orb.
     0 | D:1      | Reached XP level 1. HP: 12/12 MP: 1/1
   182 | D:1      | Reached XP level 2. HP: 14/18 MP: 2/2
   655 | D:1      | Reached skill level 6 in Stealth
   698 | D:1      | Reached XP level 3. HP: 22/22 MP: 3/3
   856 | D:2      | Found a radiant altar of Vehumet.
   929 | D:2      | Found an opulent altar of Gozag.
  1024 | D:2      | Found a runed door.
  1028 | D:2      | Noticed Crazy Yiuf
  1032 | D:2      | Killed Crazy Yiuf
  1032 | D:2      | Reached XP level 4. HP: 18/27 MP: 4/4
  1379 | D:3      | Noticed Natasha
  1395 | D:3      | Killed Natasha
  1395 | D:3      | Reached XP level 5. HP: 19/32 MP: 5/5
  1730 | D:3      | Reached skill level 7 in Stealth
  1731 | D:3      | Noticed Natasha
  1740 | D:3      | Killed Natasha
  1814 | D:3      | Found a white marble altar of Elyvilon.
  1817 | D:3      | Found a burning altar of Makhleb.
  1817 | D:3      | Found an ancient bone altar of Kikubaaqudgha.
  1817 | D:3      | Found a sparkling altar of Nemelex Xobeh.
  1843 | D:3      | Noticed Natasha
  1852 | D:3      | Killed from afar by a white imp

Skill      XL: |  1  2  3  4  5 |
---------------+----------------+-----
Stealth        | 6 7 |  7.1
Short Blades   | 3 4 |  4.2
Fighting       | 3 |  3.1
Throwing       | |  2.6
Dodging        | |  1.9

Action                   |  1- 3 |  4- 6 || total
-------------------------+-------+-------++-------
Melee: Dagger            |    60 |    62 ||   122
 Fire: Blowgun           |     2 |    13 ||    15
Throw: Stone             |     2 |       ||     2
  Use: Scroll            |       |     3 ||     3
 Stab: Sleeping          |    13 |     2 ||    15
  Eat: Meat ration       |       |     1 ||     1
Armor: Robe              |     5 |     9 ||    14
Dodge: Dodged            |    22 |    59 ||    81
